 Dungeon Crawl Stone Soup version 0.25-a0-505-gae4569222e (webtiles) character file.

Game seed: 2441546716267172167, levelgen mode: deterministic

68 kae the Insei (level 4, 34/34 HPs)
             Began as a Demonspawn Gladiator on Feb 14, 2020.
             Quit the game on level 2 of the Dungeon.
             The game lasted 00:01:10 (1590 turns).

kae the Insei (Demonspawn Gladiator)                Turns: 1590, Time: 00:01:11

Health: 34/34      AC:  3    Str: 14    XL:     4   Next: 1%
Magic:  4/4        EV: 13    Int:  9    God:
Gold:   58         SH:  4    Dex: 16    Spells: 3/3 levels left

rFire    . . .     SeeInvis .     - Unarmed
rCold    . . .     Gourm    .   (no shield)
rNeg     . . .     Faith    .   a - +0 leather armour
rPois    .         Spirit   .   (helmet restricted)
rElec    .         Reflect  .   (no cloak)
rCorr    .         Harm     .   (no gloves)
MR       .....                  (no boots)
Stlth    +.........             (no amulet)
HPRegen  0.11/turn              (no ring)
MPRegen  0.09/turn              (no ring)

@: no status effects
A: antennae 1, large bone plates 1
a: no special abilities


You were on level 2 of the Dungeon.
You were very hungry.

You visited 1 branch of the dungeon, and saw 2 of its levels.

You collected 58 gold pieces.

Inventory:

Missiles
 c - 4 throwing nets (quivered)
Armour
 a - a +0 leather armour (worn)
 b - a +0 helmet
Wands
 h - a wand of random effects (25)
 n - a wand of flame (11)
Scrolls
 f - a scroll of fear {unknown}
 i - a scroll of teleportation {unknown}
 j - 2 scrolls of blinking {unknown}
 k - a scroll of enchant weapon {unknown}
 m - 2 scrolls of identify {unknown}
Potions
 g - 4 potions of curing {unknown}
 l - a potion of might {unknown}
Comestibles
 d - 3 rations


   Skills:
 + Level 2.9 Fighting
 - Level 1.7 Throwing
 - Level 2.6 Dodging
 * Level 4.0 Unarmed Combat


You had 3 spell levels left.
You didn't know any spells.
Your spell library contained the following spells:

 Spells                   Type           Power        Failure   Level  Hunger
 Magic Dart               Conj           #...         45%         1    ##.....
 Blink                    Tloc           N/A          61%         2    ###....
 Call Imp                 Summ           #.......     61%         2    ###....
 Slow                     Hex            #.......     61%         2    ###....
 Conjure Flame            Conj/Fire      #.......     83%         3    ####...
 Mephitic Cloud           Conj/Pois/Air  #.......     83%         3    ####...


Dungeon Overview and Level Annotations

Branches:
Dungeon (2/15)

Altars:
Cheibriados
Nemelex Xobeh


Innate Abilities, Weirdness & Mutations

You have a pair of small antennae on your head.
You are partially covered in large bone plates. (SH +4)


Message History

You closely miss the adder.
The adder is severely wounded.
The adder bites you.
You hit the adder.
The adder is severely wounded.
The adder bites you.
You hit the adder.
You kill the adder!
Your Unarmed Combat skill increases to level 4!
You have reached level 4!
You feel agile.
Your demonic ancestry asserts itself...
A pair of antennae grows on your head!
Your +0 helmet falls away!
You start resting.
You feel sick. x4
You are no longer poisoned.
You start resting.
You are feeling very hungry.
You start resting.
HP restored.
Are you sure you want to abandon this character and quit the game? (Confirm with "yes".)

##.# ##..(.(.. #.#
#.#####. #.# ##.##
#. #.# #...## #.
#.#######.###.###.
#......... #.....
#.#######. #.####
#.# ...##### #@#
#.......
#########.#
########
........#.#
#.....#
.....#..#........
#.....#...#######
. ######..# #..#
#..#


There were no monsters in sight!

Vanquished Creatures
  3 adders (D:2)
  An ooze (D:2)
  A worm (D:2)
  2 giant cockroaches
  5 goblins
  3 hobgoblins
  2 jackals (D:1)
  10 bats
  3 frilled lizards
  2 kobolds
  3 rats (D:1)
35 creatures vanquished.

Notes
Turn   | Place    | Note
-------+----------+-------------------------------------------
     0 | D:1      | kae the Demonspawn Gladiator began the quest for the Orb.
     0 | D:1      | Reached XP level 1. HP: 16/16 MP: 1/1
   163 | D:1      | Reached skill level 3 in Unarmed Combat
   168 | D:1      | Gained mutation: You are partially covered in large bone
                  | plates. (SH +4) [demonic ancestry]
   168 | D:1      | Reached XP level 2. HP: 12/22 MP: 2/2
   962 | D:2      | Reached XP level 3. HP: 28/28 MP: 3/3
  1324 | D:2      | Found a sparkling altar of Nemelex Xobeh.
  1360 | D:2      | Found a snail-covered altar of Cheibriados.
  1450 | D:2      | Reached skill level 4 in Unarmed Combat
  1450 | D:2      | Gained mutation: You have a pair of small antennae on your
                  | head. [demonic ancestry]
  1450 | D:2      | Reached XP level 4. HP: 22/34 MP: 4/4
  1590 | D:2      | Quit the game

Levels and vault maps discovered:
D:1:      elethiomel_arrival_infinity_welcomes_careful_drivers,
          layout_loops_ring
D:2:      layout_loops_ring, nemelex_xobeh_ov_fountains_minmay,
          cheibriados_altar_1, minmay_3d_cube

Skill      XL: |  1  2  3 |
---------------+----------+-----
Unarmed Combat | 3 4 |  4.0
Fighting       | |  2.9
Throwing       | |  1.7
Dodging        | |  2.6

Action                   |  1- 3 |  4- 6 || total
-------------------------+-------+-------++-------
Melee: Unarmed           |   168 |       ||   168
       Punch             |     1 |       ||     1
  Use: Potion            |     1 |       ||     1
 Stab: Sleeping          |     1 |       ||     1
  Eat: Chunk             |     1 |       ||     1
Armor: Leather armour    |    78 |       ||    78
Dodge: Dodged            |   151 |       ||   151
Block: Other             |    27 |       ||    27

Table legend:
 A = Non-vault XP
 B = Vault XP
 C = Vault XP percentage of total XP
 D = Non-vault monster count
 E = Vault monster count
 F = Vault count percentage of total count
                 A         B        C        D         E       F
            +---------+---------+-------+---------+---------+-------
      Total |      72 |      26 |  26.5 |      33 |       2 |   5.7
            +---------+---------+-------+---------+---------+-------
        D:1 |      34 |       0 |   0.0 |      22 |       0 |   0.0
        D:2 |      38 |      26 |  40.6 |      11 |       2 |  15.4
            +---------+---------+-------+---------+---------+-------
